 Dungeon Crawl Stone Soup version 0.27-a0-1232-gc6a4cbde82 (webtiles) character file.

Game seed: 9453800068684458361

4503 robertstho the Thaumaturge (level 10, -10/64 HPs)
             Began as a Djinni Fire Elementalist on June 8, 2021.
             Was an Initiate of Gozag.
             Mangled by a two-headed ogre
             ... wielding a +0 giant club
              (21 damage)
             ... on level 8 of the Dungeon.
             The game lasted 00:14:06 (7521 turns).

robertstho the Thaumaturge (DjFE)                   Turns: 7521, Time: 00:14:08

Health: -10/64     AC:  2    Str:  7    XL:     10   Next: 65%
Gold:   1047       EV: 18    Int: 19    God:    Gozag SH:  0 Dex: 21

rFire    + + +     SeeInvis .   f - +2 great sword (freeze)
rCold    x . .     Faith    .   (shield currently unavailable)
rNeg     . . .     Spirit   .   x - +0 robe {rF+}
rPois    ∞         Reflect  .   (no helmet)
rElec    .         Harm     .   (no cloak)
rCorr    .         Rampage  .   (no gloves)
Will     +....                  (boots unavailable)
Stlth    +++.......             n - amulet of regeneration
HPRegen  1.20/turn              g - +4 ring of evasion
MPRegen  0.00/turn              r - +6 ring of dexterity

@: gold aura, flying
A: sickness immunity, fire resistance 2, cold vulnerability 1, float, innate
caster, hp casting, extra vitality 1
a: Renounce Religion, Potion Petition, Call Merchant, Bribe Branch


You were on level 8 of the Dungeon.
You worshipped Gozag.
Gozag was most pleased with you.
You visited 1 branch of the dungeon, and saw 8 of its levels.

You collected 1109 gold pieces.
You paid 62 gold pieces to Gozag.

Inventory:

Hand Weapons
 f - a +2 great sword of freezing (weapon)
 v - a +4 short sword
 E - a +2 whip of electrocution
 F - a +1 scimitar of electrocution
Missiles
 H - 8 curare-tipped darts
Armour
 x - a +0 robe of fire resistance (worn)
Jewellery
 g - a +4 ring of evasion (left hand)
 n - an amulet of regeneration (around neck)
 r - a +6 ring of dexterity (right hand)
 w - a ring of willpower
 y - a ring of willpower
 G - a ring of wizardry
Wands
 c - a wand of paralysis (9)
 D - a wand of polymorph (9)
 I - a wand of digging (6)
Scrolls
 a - 2 scrolls of enchant weapon
 b - a scroll of silence
 j - a scroll of summoning
 l - 3 scrolls of noise {unknown}
 o - 2 scrolls of teleportation
 u - a scroll of torment
 z - a scroll of immolation
 A - a scroll of magic mapping {unknown}
 B - a scroll of fog {unknown}
 C - a scroll of enchant armour {unknown}
 J - a scroll of amnesia {unknown}
Potions
 d - 2 potions of degeneration {unknown}
 e - a potion of attraction {unknown}
 h - 3 potions of curing {unknown}
 i - 2 potions of might {unknown}
 k - a potion of magic {unknown}
 m - 2 potions of ambrosia {unknown}
 p - a potion of flight {unknown}
 q - 2 potions of brilliance {unknown}
 s - 3 potions of invisibility {unknown}
 t - a potion of berserk rage {unknown}


   Skills:
 + Level 1.8 Fighting
 + Level 1.7 Long Blades
 + Level 4.1 Dodging
 + Level 2.6 Stealth
 * Level 10.9 Spellcasting


You had 4 spell levels left.
You knew the following spells:

 Your Spells              Type           Power      Damage    Failure   Level
a - Foxfire               Conj/Fire      100%       2x1d9     1%          1
b - Conjure Flame         Conj/Fire      51%        6-21      1%          3
c - Inner Flame           Hex/Fire       51%        N/A       1%          3
d - Sticky Flame          Conj/Fire      51%        2d7       1%          4
e - Fireball              Conj/Fire      25%        3d11      1%          5
f - Corona                Hex            56%        N/A       1%          1
g - Corpse Rot            Necr/Air       N/A        N/A       1%          2
h - Swiftness             Air            51%        N/A       1%          3
i - Olgreb's Toxic Radia  Pois           51%        N/A       1%          4
Your spell library was empty.

Dungeon Overview and Level Annotations

Branches:
Dungeon (8/15)             Temple (0/1) D:6
   Lair: D:8-11

Altars:
Cheibriados
Fedhas
Gozag
Makhleb
Sif Muna
Vehumet
Yredelemnul
Zin
The Shining One

Shops:
D:4 (

Annotations:
D:5 1 transporter, streetpizza's ghost, amateur DjGl


Innate Abilities, Weirdness & Mutations

You are immune to sickness and miasma.
You are immune to poison.
Your flesh is very heat resistant. (rF++)
You are vulnerable to cold. (rC-)
You float through the air rather than walking.
You learn spells naturally, not from books.
Your magical power is your life essence.
You have superior vitality. (+4 HP)


Message History

Press: ? - help, Shift-Dir - straight line, f/p - howler monkey
Aim: a howler monkey (almost dead)
The fireball explodes!
The fireball engulfs the howler monkey!!
You kill the howler monkey!
Unknown command.
The centaur shoots an arrow.
The arrow misses you.
The centaur shoots an arrow.
The arrow barely misses you.
Casting: Fireball (dangerous; 1% risk of failure)
Confirm with . or Enter, or press ? or * to list all spells.
Aiming: Fireball (dangerous; 1% risk of failure)
Press: ? - help, Shift-Dir - straight line, f - centaur
Aim: a centaur, wielding a +0 shortbow and quivering arrows The fireball explodes!
The fireball engulfs the centaur!
The centaur is severely wounded.
You hear an angry hiss.
The centaur shoots an arrow.
The arrow hits you.
Casting: Fireball (dangerous; 1% risk of failure)
Confirm with . or Enter, or press ? or * to list all spells.
Aiming: Fireball (dangerous; 1% risk of failure)
Press: ? - help, Shift-Dir - straight line, f/p - centaur
Aim: a centaur, wielding a +0 shortbow and quivering arrows (severely wounded)
The fireball explodes!
The fireball engulfs the centaur!
You kill the centaur!
You hear an angry buzzing noise.
A two-headed ogre comes into view.
It is wielding a +0 giant club and a +0 dire flail.
Casting: Fireball (dangerous; 1% risk of failure)
Confirm with . or Enter, or press ? or * to list all spells.
Aiming: Sticky Flame (dangerous; 1% risk of failure)
Press: ? - help, Shift-Dir - straight line, f - two-headed ogre
Aim: a two-headed ogre, wielding a +0 giant club and a +0 dire flail (heavily wounded, 100% to hit)
The sticky flame hits the two-headed ogre.
The two-headed ogre is severely wounded.
The two-headed ogre is covered in liquid flames!
The two-headed ogre burns!
The two-headed ogre hits you with a +0 giant club!!
* * * LOW HITPOINT WARNING * * *
The two-headed ogre hits you with a +0 dire flail!!
You die...
Your body crumbles into a pile of gold.

####### . #.$..<#
.. #...).# ...
#.....# ....
####.....##....c
.......$?$$.....
#.....@O#
#..#.....# #.....#
#.....# #.....#
####.## #..##
######### ##..# #
.......<########.#
#.#


You could see a two-headed ogre (burning).

Vanquished Creatures
  Pikel (D:7)
  Grinder (D:5)
  A steam dragon (D:5)
  Menkaure (D:7)
  3 water moccasins
  3 ice beasts
  2 sky beasts (D:7)
  2 black bears
  3 orc warriors
  2 necrophages
  An ogre (D:5)
  4 centaurs
  2 lemures (D:7)
  2 bullfrogs
  Blork the orc (D:5)
  5 scorpions
  A wyvern zombie (D:7)
  A water moccasin skeleton (D:5)
  7 wights
  An electric eel (D:7)
  A howler monkey (D:8)
  4 jellies
  2 centaur skeletons
  3 orc priests (D:6)
  A centaur zombie (D:4)
  2 hounds
  4 iguanas
  4 orc wizards
  A scorpion zombie (D:3)
  10 adders
  2 white imps
  An ufetubus (D:6)
  An adder skeleton (D:4)
  A worm (D:4)
  2 dart slugs
  14 orcs
  7 endoplasms
  3 giant cockroaches
  7 goblins
  11 hobgoblins
  6 jackals
  4 quokkas
  3 ball pythons
  6 bats
  2 frilled lizards (D:1)
  5 kobolds
  6 rats
157 creatures vanquished.

Vanquished Creatures (collateral kills)
  The ghost of robertstho the Skirmisher, an amateur DrBe of Trog (D:3)
  6 foxfires (D:2)
7 creatures vanquished.

Vanquished Creatures (others)
  789 foxfires
789 creatures vanquished.

Grand Total: 953 creatures vanquished

Notes
Turn   | Place    | Note
-------+----------+-------------------------------------------
     0 | D:1      | robertstho the Djinni Fire Elementalist began the quest for
                  | the Orb.
     0 | D:1      | Reached XP level 1. HP: 15/15 MP: 0/0
   268 | D:1      | Reached XP level 2. HP: 20/21 MP: 0/0
   577 | D:1      | Reached skill level 3 in Spellcasting
   765 | D:1      | Reached XP level 3. HP: 20/25 MP: 0/0
   765 | D:1      | Learned a level 1 spell: Corona
   976 | D:1      | You are sucked into a shaft and drop 1 floor!
  1223 | D:2      | Reached XP level 4. HP: 15/31 MP: 0/0
  2250 | D:2      | Found a faded altar of an unknown god.
  2766 | D:3      | Found an opulent altar of Gozag.
  2767 | D:3      | Found a runed translucent gate.
  2767 | D:3      | Found a runed translucent gate.
  2767 | D:3      | Found a runed translucent gate.
  2767 | D:3      | Noticed robertstho's ghost (amateur DrBe)
  2818 | D:3      | Reached XP level 5. HP: 12/35 MP: 0/0
  2818 | D:3      | Learned a level 2 spell: Corpse Rot
  3051 | D:3      | Reached skill level 4 in Spellcasting
  3214 | D:3      | Found a burning altar of Makhleb.
  4177 | D:3      | Killed robertstho's ghost
  4178 | D:3      | Reached XP level 6. HP: 41/41 MP: 0/0
  4257 | D:3      | Became a worshipper of Gozag Ym Sagoz the Greedy
  4370 | D:4      | Reached skill level 5 in Spellcasting
  4408 | D:4      | Found Mumyrch's Weapon Shoppe.
  4601 | D:4      | Reached XP level 7. HP: 46/46 MP: 0/0
  4601 | D:4      | Learned a level 3 spell: Swiftness
  4735 | D:4      | Found a glowing golden altar of the Shining One.
  4744 | D:4      | Reached skill level 6 in Spellcasting
  4999 | D:4      | Found a basalt altar of Yredelemnul.
  5057 | D:4      | Reached skill level 1 in Fighting
  5057 | D:4      | Reached XP level 8. HP: 52/52 MP: 0/0
  5058 | D:4      | Identified the +8 trident of Harmony {antimagic, Fragile
                  | +Rage rPois rN++}
  5275 | D:5      | Entered Level 5 of the Dungeon
  5275 | D:5      | Noticed Blork the orc
  5289 | D:5      | Killed Blork the orc
  5308 | D:5      | Reached skill level 7 in Spellcasting
  5586 | D:5      | Noticed Grinder
  5597 | D:5      | Killed Grinder
  5598 | D:5      | Reached skill level 8 in Spellcasting
  5598 | D:5      | Reached XP level 9. HP: 57/57 MP: 0/0
  5598 | D:5      | Learned a level 4 spell: Olgreb's Toxic Radiance
  5675 | D:5      | Found a transporter.
  5678 | D:5      | Noticed streetpizza's ghost (amateur DjGl)
  5929 | D:6      | Reached skill level 9 in Spellcasting
  6202 | D:6      | Found a blossoming altar of Fedhas.
  6222 | D:6      | Found a staircase to the Ecumenical Temple.
  6480 | D:7      | Noticed Pikel
  6485 | D:7      | Killed Pikel
  6486 | D:7      | Reached skill level 10 in Spellcasting
  6486 | D:7      | Reached XP level 10. HP: 58/62 MP: 0/0
  6659 | D:7      | Found a snail-covered altar of Cheibriados.
  6719 | D:7      | Reached skill level 1 in Long Blades
  7079 | D:7      | Noticed Menkaure
  7080 | D:7      | Killed Menkaure
  7195 | D:7      | Found a glowing silver altar of Zin.
  7519 | D:8      | Noticed a two-headed ogre
  7521 | D:8      | Mangled by a two-headed ogre

Illustrated notes

Levels and vault maps discovered:
D:1:      amcnicky_arrival_wind_blow, layout_loops_ring, minmay_pentomino_w4
D:2:      layout_loops_corners, shapermc_ecumenical_altar_venn,
          serial_bayou_lake_a
D:3:      layout_loops_ring, general_overflow_altar, ebering_ghost_gozag,
          grunt_ministairs_1, minmay_crystal_water, minmay_quadrilaterals
D:4:      layout_loops_corners, grunt_temple_overflow_holy_war, serial_shops,
          nicolae_shop_stone
D:5:      layout_rooms, kennysheep_little_box, gammafunk_ghost_smash,
          uniq_blork_the_orc, uniq_grinder
D:6:      layout_cave_pools, fedhas_altar_2, minmay_temple_entry_poolview,
          serial_column_ruins, column_ruins_square_medium, column_ruins_grid_1,
          column_ruins_grid_1, column_ruins_columns_corner,
          column_ruins_columns_straight, column_ruins_open_tiny
D:7:      cheibrodos_helix_gallery, layout_loops_corners, lemuel_doored_altar,
          jmf_multi_god_temple, uniq_pikel, uniq_menkaure
D:8:      layout_rooms, gup_ossuary_entry_pyramid, minmay_small_thing,
          uniq_prince_ribbit1

Skill      XL: |  1  2  3  4  5  6  7  8  9 10 |
---------------+-------------------------------+-----
Spellcasting   | 3 4 5 6 8 10 | 10.9
Stealth        | 2 |  2.6
Dodging        | 3 4 |  4.1
Fighting       | 1 |  1.8
Long Blades    | 1 |  1.7

Action                   |  1- 3 |  4- 6 |  7- 9 | 10-12 || total
-------------------------+-------+-------+-------+-------++-------
Melee: Short sword       |       |     5 |       |       ||     5
       Great sword       |       |       |     1 |     7 ||     8
 Cast: Foxfire           |    68 |   149 |   241 |    32 ||   490
       Sticky Flame      |       |     5 |    10 |     7 ||    22
       Conjure Flame     |       |     3 |       |       ||     3
       Fireball          |       |       |     1 |    20 ||    21
  Use: Scroll            |       |     4 |     3 |       ||     7
 Stab: Sleeping          |       |       |       |     1 ||     1
Armor: Robe              |     3 |    19 |     2 |       ||    24
Dodge: Dodged            |     3 |    38 |    25 |    15 ||    81
       Rpst.: Great sword |       |       |     6 |     2 ||     8

Table legend: (Time is in decaauts)
 A = Elapsed time spent in this place.
 B = Non-inter-level travel time spent in this place.
 C = Inter-level travel time spent in this place.
 D = Time resting spent in this place.
 E = Time spent auto-exploring this place.
 F = Levels seen in this place.
 G = Mean time per level.
                   A        B        C        D        E       F      G
               +--------+--------+--------+--------+--------+-----+--------+
         Total |   7524 |   7311 |    213 |     25 |   6095 |   8 |  940.5 |
       Dungeon |   7524 |   7311 |    213 |     25 |   6095 |   8 |  940.5 |
               +--------+--------+--------+--------+--------+-----+--------+

Top non-repeatable levels by time:
     D:2: 1756 daAuts
     D:3: 1573 daAuts
     D:7: 1029 daAuts
     D:1: 975 daAuts
     D:4: 968 daAuts
     D:6: 615 daAuts
     D:5: 570 daAuts
     D:8: 34 daAuts
